 Dungeon Crawl Stone Soup version 0.23.2-1-ga50397a (webtiles) character file.

Game seed: 7435833809570941063

67 Goblin1989 the Caller (level 3, -1/24 HPs)
             Began as a Demonspawn Summoner on May 3, 2019.
             Slain by a hobgoblin
             ... wielding a cursed +0 war axe
              (10 damage)
             ... on level 3 of the Dungeon.
             The game lasted 00:07:10 (3012 turns).

Goblin1989 the Caller (Demonspawn Summoner)         Turns: 3012, Time: 00:07:11

Health: -1/24      AC:  2    Str:  8    XL:     3   Next: 98%
Magic:  3/7        EV: 12    Int: 17    God:
Gold:   74         SH:  0    Dex: 13    Spells: 2/8 levels left

rFire    . . .     SeeInvis .   r - +0 whip (elec)
rCold    . . .     Gourm    .   (no shield)
rNeg     . . .     Faith    .   a - +0 robe
rPois    .         Spirit   .   (no helmet)
rElec    .         Reflect  .   (no cloak)
rCorr    .         Harm     .   (no gloves)
MR       .....                  (no boots)
Stlth    ++........             (no amulet)
HPRegen  0.08/turn              (no ring)
MPRegen  0.10/turn              (no ring)

@: no status effects
A: hooves 1
a: no special abilities


You were on level 3 of the Dungeon.
You were hungry.

You visited 1 branch of the dungeon, and saw 3 of its levels.

You collected 74 gold pieces.

Inventory:

Hand Weapons
 k - a +0 hand axe of flaming
 r - a +0 whip of electrocution (weapon)
Missiles
 o - 48 arrows
 p - 48 stones (quivered) {@Q3}
Armour
 a - a +0 robe (worn)
 x - a +2 shield
Scrolls
 f - a scroll of identify {unknown}
 l - a scroll of teleportation {unknown}
 n - a scroll of fog {unknown}
 q - a scroll of amnesia {unknown}
 s - a scroll of enchant weapon {unknown}
 v - 4 scrolls of magic mapping {unknown}
 w - a scroll of blinking {unknown}
 y - a scroll of remove curse {unknown}
Potions
 g - a potion of invisibility {unknown}
 h - a potion of ambrosia {unknown}
 i - 2 potions of mutation {unknown}
 j - a potion of curing {unknown}
 m - a potion of flight {unknown}
 t - a potion of resistance {unknown}
 u - a potion of might {unknown}
Comestibles
 e - 6 rations
 z - a chunk of flesh


   Skills:
 - Level 1.7 Dodging
 - Level 1.7 Stealth
 + Level 3.1 Spellcasting
 + Level 4.8 Summonings


You had 2 spell levels left.
You knew the following spells:

 Your Spells              Type           Power        Failure   Level  Hunger
a - Summon Small Mammal   Summ           ###.         2%          1    None
b - Call Imp              Summ           ###.....     3%          2    ##.....
c - Call Canine Familiar  Summ           ###.....     7%          3    ###....

Your spell library contained the following spells:

 Spells                   Type           Power        Failure   Level  Hunger
 Summon Guardian Golem    Hex/Summ       ##......     19%         3    ###....
 Summon Ice Beast         Ice/Summ       ##......     54%         4    ####...
 Summon Lightning Spire   Summ/Air       ##......     54%         4    ####...


Dungeon Overview and Level Annotations

Branches:
Dungeon (3/15)

Altars:
Nemelex Xobeh
Okawaru
Wu Jian


Innate Abilities, Weirdness & Mutations

You have large cloven feet.


Message History

The dart slug is heavily wounded.
You hit the dart slug.
The dart slug is almost dead.
The dart slug closely misses you.
You hit the dart slug.
You kill the dart slug!
No target in view!
No target in view!
No target in view!
No target in view!
No target in view!
No target in view!
No target in view!
No target in view!
No target in view!
No target in view!
No target in view!
You butcher the dart slug corpse.
z - 2 chunks of flesh Health restored: 24 Eating one of 2 chunks of flesh.
You eat one of the 2 chunks of flesh.
This raw flesh tastes terrible.
Found an escape hatch in the floor.
A hobgoblin comes into view. It is wielding a +0 war axe.
A hobgoblin is nearby!
The hobgoblin shouts!
You hear a shout!
A goblin comes into view. It is wielding a +0 dagger.
You are feeling hungry.
The hobgoblin misses you.
You hit the hobgoblin. Your kick misses the hobgoblin.
The hobgoblin is lightly wounded.
The hobgoblin barely misses you.
You closely miss the hobgoblin.
The hobgoblin is lightly wounded.
The hobgoblin closely misses you.
You hit the hobgoblin but do no damage.
The hobgoblin is lightly wounded.
The hobgoblin hits you but does no damage.
You closely miss the hobgoblin. You kick the hobgoblin.
The hobgoblin is moderately wounded.
The hobgoblin hits you with a cursed +0 war axe.
You take 4 damage, and have 20/24 hp.
You hit the hobgoblin.
You kick the hobgoblin, but do no damage.
The hobgoblin is heavily wounded.
The goblin misses you. The hobgoblin closely misses you.
You hit the hobgoblin.
The hobgoblin is severely wounded.
The goblin closely misses you. The hobgoblin misses you.
You closely miss the hobgoblin.
The hobgoblin is severely wounded.
The goblin hits you but does no damage.
The hobgoblin hits you with a cursed +0 war axe!
* * * LOW HITPOINT WARNING * * *
You are too injured to fight recklessly!
You take 10 damage, and have 10/24 hp.
MASSIVE DAMAGE!!
You are too injured to fight recklessly!
You are too injured to fight recklessly!
You are too injured to fight recklessly!
You are too injured to fight recklessly!
You are too injured to fight recklessly!
You are too injured to fight recklessly!
You are too injured to fight recklessly!
You are too injured to fight recklessly!
You are too injured to fight recklessly!
You are too injured to fight recklessly!
You are too injured to fight recklessly!
You are too injured to fight recklessly!
You are too injured to fight recklessly!
You are too injured to fight recklessly!
You are too injured to fight recklessly!
You are too injured to fight recklessly!
You are too injured to fight recklessly!
You are too injured to fight recklessly!
You are too injured to fight recklessly!
You are too injured to fight recklessly!
Casting: Call Imp (safe; 3% risk of failure)
Confirm with . or Enter, or press ? or * to list all spells.
A beastly little devil appears in a puff of flame.
The goblin hits you with a +0 dagger.
* * * LOW HITPOINT WARNING * * *
You take 1 damage, and have 9/24 hp.
You now have 5/7 mp.
Casting: Call Imp (safe; 3% risk of failure)
Confirm with . or Enter, or press ? or * to list all spells.
A beastly little devil appears in a puff of flame.
The goblin hits you with a +0 dagger.
* * * LOW HITPOINT WARNING * * *
Your crimson imp closely misses the goblin.
You now have 3/7 mp.
You swap places.
The goblin barely misses your crimson imp.
Your crimson imp barely misses the goblin. x2
The goblin misses your crimson imp.
Your crimson imp blinks!
Your crimson imp barely misses the goblin.
Your crimson imp blinks!
Your crimson imp misses the goblin.
Your crimson imp blinks! x2
The hobgoblin hits you with a cursed +0 war axe!
You die...

..██.......██.█ █..████████..█
..██.......██.██████..█.........█
..██.......██.█.......█.███..█...
████.......██.█.█████.█ █.....█.█
█.......██.█.█████.█ █........
█.......██......██.█.███.█.█..
████.......██......██.█..........
...........▲.......██.█████.█.█..
████.......██...@..██.......█....
█.......██..5g..████████......
█)......██......█ ........
████.████..g....█ ██.█████
█........█████ █.█ █ █........█
█.█ █ █........█ █.█ █ █........█
.█ █ █........█ █


You could see a hobgoblin, a goblin and a friendly crimson imp.

Vanquished Creatures
  2 dart slugs
  2 leopard geckos
  3 bats
  2 goblins (D:2)
  2 hobgoblins (D:2)
  4 jackals
  8 kobolds
  5 rats
28 creatures vanquished.

Vanquished Creatures (collateral kills)
  3 adders (D:2)
  A worm (D:2)
  A leopard gecko (D:1)
  5 bats (D:1)
  2 giant cockroaches (D:1)
  2 goblins (D:1)
  4 hobgoblins
  2 jackals (D:1)
  2 kobolds
  2 ball pythons
  2 rats (D:1)
26 creatures vanquished.

Grand Total: 54 creatures vanquished

Notes
Turn   | Place    | Note
-------+----------+-------------------------------------------
     0 | D:1      | Goblin1989 the Demonspawn Summoner began the quest for the
                  | Orb.
     0 | D:1      | Reached XP level 1. HP: 13/13 MP: 3/3
   538 | D:1      | Gained mutation: You have large cloven feet. [demonic
                  | ancestry]
   538 | D:1      | Reached XP level 2. HP: 19/19 MP: 1/5
   580 | D:1      | Learned a level 2 spell: Call Imp
   693 | D:1      | Found an iron altar of Okawaru.
  1558 | D:2      | Reached XP level 3. HP: 24/24 MP: 1/7
  1563 | D:2      | Learned a level 3 spell: Call Canine Familiar
  2133 | D:2      | Found an ornate altar of the Wu Jian Council.
  2375 | D:2      | Found a sparkling altar of Nemelex Xobeh.
  3012 | D:3      | Slain by a hobgoblin

Skill      XL: |  1  2  3 |
---------------+----------+-----
Spellcasting   | 3 |  3.1
Dodging        | |  1.7
Stealth        | |  1.7
Summonings     | |  4.8

Action                   || total
-------------------------++-------
Melee: Unarmed           ||    16
       Hand axe          ||    41
       Kick              ||    19
       Whip              ||    50
 Cast: Summon Small Mamm ||    19
       Call Imp          ||    31
 Stab: Sleeping          ||     2
       Distracted        ||     1
  Eat: Chunk             ||     8
Armor: Robe              ||    26
Dodge: Dodged            ||   101

Levels and vault maps discovered:
D:1:      saegor_arrival_simple_e, layout_basic, okawaru_ov_weapons_minmay
D:2:      layout_loops_cross, nicolae_overflow_crystal_walls,
          nemelex_xobeh_ov_fountains_minmay
D:3:      layout_basic, kennysheep_generic_room_6
